 Dungeon Crawl Stone Soup version 0.31-a0-472-g43a2ca8e1b (webtiles) character file.

Game seed: 14670315515156717393

10 Ethylacetat the Changeling (level 2, -4/18 HPs)
             Began as an Octopode Shapeshifter on Aug 6, 2023.
             Slain by Sigmund
             ... wielding a +0 scythe
              (8 damage)
             ... on level 2 of the Dungeon.
             The game lasted 00:00:52 (891 turns).

Ethylacetat the Changeling (Octopode Shapeshifter)   Turns: 891, Time: 00:00:53

Health: -4/18      AC:  1    Str: 14    XL:     2   Next: 20%
Magic:  2/2        EV: 13    Int: 10    God:
Gold:   27         SH:  0    Dex: 12    Spells: 1/1 levels left

rFire   . .          .
                       - Unarmed
rCold   . . .        (no shield)
rNeg    . . .        (helmet currently unavailable)
rPois   .            f - amulet of regeneration
rElec   .            (no ring)
rCorr   .            (no ring)
SInv    .            (no ring)
Will    .....        (no ring)
Stlth   ++           (no ring)
HPRegen 1.03/turn    (no ring)
MPRegen 0.08/turn    (no ring)
                     (no ring)

%: no passive effects
@: beast-form
A: beast (slay +2), almost no armour, amphibious, 8 rings, camouflage 1,
gelatinous body 1, (nimble swimmer 1), tentacles
a: Begin Untransformation


You were on level 2 of the Dungeon.
You were a hulking beast.
You visited 1 branch of the dungeon, and saw 2 of its levels.

You collected 27 gold pieces.

Inventory:

Jewellery
 f - an amulet of regeneration (around mantle)
Talismans
 b - a beast talisman (active)
Scrolls
 c - a scroll of identify {unknown}
 d - a scroll of immolation {unknown}
 g - a scroll of poison {unknown}
 i - a scroll of teleportation {unknown}
Potions
 a - 2 potions of lignification
 e - a potion of haste {unknown}
 h - a potion of magic {unknown}


   Skills:
 + Level 1.3 Fighting
 - Level 2.0 Dodging
 + Level 3.1 Unarmed Combat
 * Level 3.2 Shapeshifting


You had one spell level left.
You didn't know any spells.
Your spell library contained the following spells:

 Spells                   Type           Power      Damage    Failure   Level
 Call Canine Familiar     Summ           0%         N/A       75%         3
 Inner Flame              Hex/Fire       0%         N/A       75%         3
 Portal Projectile        Hex/Tloc       0%         N/A       75%         3
 Flame Wave               Conj/Fire      0%         2d4       98%         4
 Leda's Liquefaction      Hex/Erth       0%         N/A       98%         4
 Sticky Flame             Conj/Fire      0%         2d3       98%         4


Dungeon Overview and Level Annotations

Branches:
Dungeon (2/15)

Altars:

Annotations:
D:2 Sigmund


Innate Abilities, Weirdness & Mutations

You are a hulking beast.
Your limbs bulge with bestial killing power. (Slay +2)
You cannot wear most types of armour.
You are amphibious.
You can wear up to eight rings at the same time.
Your skin changes colour to match your surroundings (Stealth+).
Your rubbery body absorbs attacks. (AC +1, EV +1)
((You are camouflaged when in or above water. (Stealth+)))
You have tentacles for arms and can constrict up to eight enemies at once.


Message History

Key pressed, stopping explore.
No target in view!
No target in view!
j - a +6 ring of intelligence No target in view!
You open the door.
There is an open door here.
You open the door.
Found a beast talisman.
No target in view!
No target in view!
You drop a +6 ring of intelligence.
There is an open door here.
Sigmund the Dreaded comes into view.
He is wielding a +0 scythe.
Sigmund is nearby!
The helpless Sigmund fails to defend himself.
You tentacle-slap Sigmund. You grab Sigmund.
You squeeze Sigmund, but do no damage.
Sigmund is lightly wounded.
You constrict Sigmund, but do no damage.
Sigmund misses you.
You tentacle-slap Sigmund.
Sigmund is moderately wounded.
You constrict Sigmund, but do no damage.
Sigmund gestures at you while chanting. The magic dart hits you!
You tentacle-slap Sigmund.
Sigmund is moderately wounded.
You constrict Sigmund. Sigmund gestures at you while chanting.
The magic dart hits you!
* * * LOW HITPOINT WARNING * * *
You are too injured to fight recklessly!
You are too injured to fight recklessly!
You are too injured to fight recklessly!
Okay, then.
You tentacle-slap Sigmund.
Sigmund is heavily wounded.
You constrict Sigmund. Sigmund hits you with a +0 scythe!
You die...

..# ...# #
###..###.
........ #
.....#
#.#.###...#
#....@....#
#...h...#
######.## #.#
#.# ####.######
#.........#
#.##.#.##.#
########.##.#.#
..............#
#


You could see Sigmund.

Vanquished Creatures
  An endoplasm (D:1)
  A giant cockroach (D:1)
  A hobgoblin (D:1)
  A quokka (D:1)
  2 ball pythons
  A bat (D:1)
  4 rats (D:1)
11 creatures vanquished.

Notes
Turn   | Place    | Note
-------+----------+-------------------------------------------
     0 | D:1      | Ethylacetat the Octopode Shapeshifter began the quest for
                  | the Orb.
     0 | D:1      | Reached XP level 1. HP: 13/13 MP: 1/1
   417 | D:1      | Found a faded altar of an unknown god.
   460 | D:1      | Reached XP level 2. HP: 16/18 MP: 2/2
   885 | D:2      | Noticed Sigmund
   891 | D:2      | Slain by Sigmund

Illustrated notes

Levels and vault maps discovered:
D:1:      mrwooster_arrival_statue_3, layout_basic,
          dreamdust_ecumenical_altar_grove, chequers_serial_rivers_small_a,
          fountainhead
D:2:      layout_loops_corners, basic_altar, uniq_sigmund, uniq_terence

Action                     || total
---------------------------++-------
  Melee: Unarmed           ||    23
         Constrict         ||     8
         Tentacles         ||     5
   Stab: Sleeping          ||     3
 Armour: Skin              ||     1
  Dodge: Dodged            ||     9

Table legend: (Time is in decaauts)
 A = Elapsed time spent in this place.
 B = Non-inter-level travel time spent in this place.
 C = Inter-level travel time spent in this place.
 D = Time resting spent in this place.
 E = Time spent auto-exploring this place.
 F = Levels seen in this place.
 G = Mean time per level.
                   A        B        C        D        E       F      G
               +--------+--------+--------+--------+--------+-----+--------+
         Total |    889 |    847 |     42 |      0 |    744 |   2 |  444.5 |
       Dungeon |    889 |    847 |     42 |      0 |    744 |   2 |  444.5 |
               +--------+--------+--------+--------+--------+-----+--------+

Top non-repeatable levels by time:
     D:1: 747 daAuts
     D:2: 142 daAuts
